 Dungeon Crawl Stone Soup version 0.31-a0-321-g19405a7a6a (webtiles) character file.

Game seed: 10012156214924397382

315 LeprechaunX the Changeling (level 6, -1/42 HPs)
             Began as an Octopode Shapeshifter on July 17, 2023.
             Slain by a centaur (2 damage)
             ... on level 5 of the Dungeon.
             The game lasted 00:03:54 (2643 turns).

LeprechaunX the Changeling (Octopode Shapeshifter)  Turns: 2643, Time: 00:03:54

Health: -1/42      AC:  1    Str: 16    XL:     6   Next: 43%
Magic:  6/6        EV: 14    Int: 10    God:
Gold:   369        SH:  0    Dex: 13    Spells: 5/5 levels left

rFire   . . .        m - +4 quarterstaff (chaos)
rCold   . . .        (shield currently unavailable)
rNeg    . . .        (helmet currently unavailable)
rPois   .            (no amulet)
rElec   .            (no ring)
rCorr   .            (no ring)
SInv    .            (no ring)
Will    .....        (no ring)
Stlth   ++           (no ring)
HPRegen 0.27/turn    (no ring)
MPRegen 0.10/turn    (no ring)
                     (no ring)

%: no passive effects
@: beast-form
A: beast (slay +2), almost no armour, amphibious, 8 rings, camouflage 1,
gelatinous body 1, (nimble swimmer 1), tentacles
a: Begin Untransformation


You were on level 5 of the Dungeon.
You were a hulking beast.
You visited 1 branch of the dungeon, and saw 5 of its levels.

You collected 369 gold pieces.

Inventory:

Hand Weapons
 m - a +4 quarterstaff of chaos (weapon)
 n - a +0 hammer
Talismans
 b - a beast talisman
Wands
 q - a wand of iceblast (10)
Scrolls
 c - a scroll of immolation {unknown}
 d - a scroll of butterflies {unknown}
 e - 5 scrolls of identify {unknown}
 f - a scroll of noise {unknown}
 i - 4 scrolls of revelation {unknown}
 j - a scroll of blinking {unknown}
 l - 2 scrolls of teleportation {unknown}
 o - a scroll of torment {unknown}
Potions
 a - a potion of lignification
 g - a potion of curing {unknown}
 h - a potion of enlightenment {unknown}
 k - a potion of degeneration {unknown}
 p - a potion of brilliance {unknown}


   Skills:
 + Level 3.2 Fighting
 + Level 1.3 Staves
 + Level 3.2 Dodging
 + Level 3.7 Unarmed Combat
 * Level 4.2 Shapeshifting


You had 5 spell levels left.
You didn't know any spells.
Your spell library contained the following spells:

 Spells                   Type           Power      Damage    Failure   Level
 Ensorcelled Hibernation  Hex/Ice        0%         N/A       50%         2
 Passwall                 Tmut/Erth      0%         N/A       50%         2
 Swiftness                Air            0%         N/A       75%         3


Dungeon Overview and Level Annotations

Branches:
Dungeon (5/15)
 Temple: D:4-7

Altars:

Annotations:
D:4 3 runed translucent doors, Edmund; drugrobin's ghost, weakling DgDe
D:5 Blork the orc


Innate Abilities, Weirdness & Mutations

You are a hulking beast.
Your limbs bulge with bestial killing power. (Slay +2)
You cannot wear most types of armour.
You are amphibious.
You can wear up to eight rings at the same time.
Your skin changes colour to match your surroundings (Stealth+).
Your rubbery body absorbs attacks. (AC +1, EV +1)
((You are camouflaged when in or above water. (Stealth+)))
You have tentacles for arms and can constrict up to eight enemies at once.


Message History

You are too confused!
You are too confused!
You are too confused!
You are too confused!
An orc comes into view. It is wielding a +0 hand axe.
An orc wizard comes into view. It is wielding a +0 dagger.
You see here a scroll labelled QUTAPO UCYNEON.
The orc wizard casts a spell.
The orc wizard flickers and vanishes!
Deactivating autopickup; reactivate with Ctrl-A.
The orc wizard shouts!
A centaur comes into view.
The centaur wields a +0 orcbow.
The centaur shoots an arrow.
The arrow closely misses you.
The orc wizard mumbles some strange words.
The orc wizard flickers and vanishes!
A puff of flame appears from out of thin air!
The puff of flame hits something!
You barely miss the orc.
You feel less confused. The orc completely misses you. Something hits you.
The orc wizard casts a spell at you. The puff of flame hits you!
You completely miss the orc. Your grab misses the orc.
The centaur shoots an arrow.
The arrow closely misses you.
Something closely misses the orc wizard.
Blork the orc comes into view.
He is wielding a +0 mace.
The centaur shoots an arrow.
The arrow barely misses you. The orc barely misses you.
The orc wizard hits you with a +0 dagger.
Something hits you.
The centaur shoots an arrow.
The arrow hits you!
You see here a scroll labelled QUTAPO UCYNEON.
The centaur shoots an arrow.
The arrow hits you!
* * * LOW HITPOINT WARNING * * *
The orc hits you with a +0 hand axe.
* * * LOW HITPOINT WARNING * * *
Something hits the orc wizard but does no damage.
The centaur unwields a +0 orcbow.
The centaur misses you. The centaur kicks you.
You die...

.........†. ..
........... .#
........... ..
#.......... .#
#.......... #.
##......... . # .##
..^......... ..#.
#c####.###........
.....####h.#..#
#........ #.o..........#
##....... .......oo....#
#.......
..#..........###
#....##.
####.........###......#.
##..............#..#.
.....##...###.....##...
.....####.####.........
....... #..###.........


You could see Blork the orc (wandering), a centaur, an orc wizard and an orc.

Vanquished Creatures
  Crazy Yiuf (D:3)
  A hound (D:4)
  Ijyb (D:5)
  Terence (D:3)
  2 iguanas (D:5)
  2 orc wizards (D:5)
  4 adders
  An ufetubus (D:4)
  A dart slug (D:3)
  3 orcs
  2 ball pythons
  5 bats
  7 endoplasms
  3 giant cockroaches
  4 goblins
  7 hobgoblins
  6 jackals (D:1)
  2 quokkas
  3 frilled lizards
  4 kobolds
  5 rats
65 creatures vanquished.

Notes
Turn   | Place    | Note
-------+----------+-------------------------------------------
     0 | D:1      | LeprechaunX the Octopode Shapeshifter began the quest for
                  | the Orb.
     0 | D:1      | Reached XP level 1. HP: 14/14 MP: 1/1
   112 | D:1      | Reached XP level 2. HP: 13/19 MP: 2/2
   418 | D:1      | Reached XP level 3. HP: 22/24 MP: 3/3
  1269 | D:3      | Noticed Terence
  1279 | D:3      | Killed Terence
  1280 | D:3      | Reached XP level 4. HP: 13/30 MP: 4/4
  1372 | D:3      | Found a runed translucent door.
  1373 | D:3      | Noticed Crazy Yiuf
  1968 | D:3      | Killed Crazy Yiuf
  1969 | D:3      | Reached XP level 5. HP: 11/35 MP: 2/5
  2300 | D:4      | Found a runed translucent gate.
  2301 | D:4      | Found a runed translucent gate.
  2301 | D:4      | Found a runed translucent gate.
  2302 | D:4      | Noticed drugrobin's ghost (weakling DgDe)
  2306 | D:4      | Noticed Edmund
  2330 | D:5      | Entered Level 5 of the Dungeon
  2330 | D:5      | Noticed Ijyb
  2333 | D:5      | Killed Ijyb
  2362 | D:5      | Reached skill level 4 in Shapeshifting
  2430 | D:5      | Reached skill level 1 in Staves
  2430 | D:5      | Reached XP level 6. HP: 42/42 MP: 6/6
  2641 | D:5      | Noticed Blork the orc
  2642 | D:5      | HP: 1/42 [orc/+0 hand axe (3)]
  2643 | D:5      | Slain by a centaur

Illustrated notes

Levels and vault maps discovered:
D:1:      ncdulo_lavacross, layout_basic, minmay_tripent
D:2:      layout_rooms
D:3:      layout_basic, uniq_crazy_yiuf_cottage, uniq_terence
D:4:      layout_basic, nicolae_overflow_hidden_temple,
          minmay_temple_entry_statues_pillars, ebering_ghost_rock_garden,
          uniq_edmund
D:5:      layout_layer_cave, kennysheep_okawaru_gauntlet,
          dreamdust_wishing_well, uniq_ijyb, uniq_blork_the_orc,
          uniq_prince_ribbit1

Skill      XL: |  1  2  3  4  5 |
---------------+----------------+-----
Unarmed Combat | 3 |  3.7
Fighting       | 3 |  3.2
Dodging        | 3 |  3.2
Shapeshifting  | 4 |  4.2
Staves         | 1 |  1.3

Action                     |  1- 3 |  4- 6 || total
---------------------------+-------+-------++-------
  Melee: Unarmed           |    80 |    42 ||   122
         Tentacles         |    13 |     9 ||    22
         Constrict         |    19 |    17 ||    36
         Punch             |     2 |     1 ||     3
         Quarterstaff      |       |    26 ||    26
    Use: Potion            |       |     1 ||     1
   Stab: Sleeping          |     5 |     4 ||     9
 Armour: Skin              |     6 |    13 ||    19
  Dodge: Dodged            |    54 |    20 ||    74

Table legend: (Time is in decaauts)
 A = Elapsed time spent in this place.
 B = Non-inter-level travel time spent in this place.
 C = Inter-level travel time spent in this place.
 D = Time resting spent in this place.
 E = Time spent auto-exploring this place.
 F = Levels seen in this place.
 G = Mean time per level.
                   A        B        C        D        E       F      G
               +--------+--------+--------+--------+--------+-----+--------+
         Total |   2630 |   2571 |     59 |    303 |   1818 |   5 |  526.0 |
       Dungeon |   2630 |   2571 |     59 |    303 |   1818 |   5 |  526.0 |
               +--------+--------+--------+--------+--------+-----+--------+

Top non-repeatable levels by time:
     D:3: 899 daAuts
     D:1: 721 daAuts
     D:2: 474 daAuts
     D:5: 317 daAuts
     D:4: 217 daAuts
